[ PARTIDA AOE2 · #471338850 ]
UnrankedJaponeses vs Saracens
[ ANÁLISIS DE REPETICIÓN · EXTRAÍDO DE LA PARTIDA GRABADA ]
Feudal
11:24
Castillos
16:00
Imperial
—
| APM promedio | 48.4 |
| APM pico | 70 |
| eAPM promedio | 26.7 |
| Aldeanos / militares | 51 / 13 |
Foco
⚔️ 35.3% · 🌾 64.7%
Cavalry Archer ×13
Feudal
11:00
Castillos
15:20
Imperial
—
| APM promedio | 35.9 |
| APM pico | 89 |
| eAPM promedio | 17.3 |
| Aldeanos / militares | 45 / 13 |
Foco
⚔️ 24.1% · 🌾 75.9%
Mameluke ×13
Feudal
9:56
Castillos
20:24
Imperial
—
| APM promedio | 64.0 |
| APM pico | 119 |
| eAPM promedio | 32.2 |
| Aldeanos / militares | 43 / 6 |
Foco
⚔️ 27.9% · 🌾 72.1%
Mangonel ×4 · Battering Ram ×2
Feudal
11:30
Castillos
15:30
Imperial
—
| APM promedio | 33.4 |
| APM pico | 86 |
| eAPM promedio | 14.0 |
| Aldeanos / militares | 56 / 9 |
Foco
⚔️ 25.4% · 🌾 74.6%
Knight ×9
Feudal
10:58
Castillos
14:33
Imperial
—
| APM promedio | 39.4 |
| APM pico | 85 |
| eAPM promedio | 19.8 |
| Aldeanos / militares | 95 / 4 |
Foco
⚔️ 22.3% · 🌾 77.7%
Monk ×4
Feudal
8:50
Castillos
21:11
Imperial
—
| APM promedio | 31.7 |
| APM pico | 77 |
| eAPM promedio | 16.5 |
| Aldeanos / militares | 45 / 4 |
Foco
⚔️ 38.1% · 🌾 61.9%
Militia ×4
Feudal
8:26
Castillos
—
Imperial
—
| APM promedio | 43.1 |
| APM pico | 95 |
| eAPM promedio | 23.4 |
| Aldeanos / militares | 78 / 0 |
Foco
⚔️ 36.6% · 🌾 63.4%
Feudal
8:51
Castillos
17:55
Imperial
—
| APM promedio | 47.6 |
| APM pico | 106 |
| eAPM promedio | 11.4 |
| Aldeanos / militares | 37 / 7 |
Foco
⚔️ 16.6% · 🌾 83.4%
Cavalry Archer ×4 · Scout Cavalry ×3
Mapa de la partida
Recursos iniciales + cada clic de construcción. Líneas = muros · curvas = relieve. ◆ oro · ⬟ piedra · ● bayas · ✦ reliquia · ◌ hueco del cierre
Tu base· ✓ Cerrada en 16:00 · 4t muro · 1 puerta(s)
Base de Emily001· ✓ Cerrada en 15:20 · 10t muro · 2 puerta(s)
Base de TW_andy.fet· ✓ Cerrada en 20:24 · 11t muro · 1 puerta(s) · frágil
Base de Kou_Bs· ✓ Cerrada en 15:30 · 6t muro · sin puerta
Base de 游樂比(ULB)· ✓ Cerrada en 14:33 · 5t muro · sin puerta
Base de FUFU· ✓ Cerrada en 21:11 · 13t muro · 1 puerta(s)
Base de TAG_Amaterasu· ✓ Cerrada en 12:00 · 22t muro · 1 puerta(s)
Base de GdR_Mark_Landers· Abierta — hueco de 1t
Terreno inicial suavizado · ◌ = hueco del cierre detectado · pasá el cursor para detalles
Inputs por minuto
— UKickme-iKiLLU - - Emily001
Build order — UKickme-iKiLLU
113 acciones detectadas en el replay
| 0:01 | Crear | Villager (Male) ×4 |
| 0:03 | Construir | House |
| 0:04 | Construir | House |
| 1:30 | Crear | Villager (Male) |
| 1:31 | Crear | Villager (Male) |
| 1:50 | Construir | Lumber Camp |
| 2:02 | Crear | Villager (Male) |
| 2:02 | Crear | Villager (Male) |
| 2:15 | Construir | House |
| 2:18 | Construir | House |
| 2:20 | Construir | Palisade Wall |
| 2:24 | Crear | Villager (Male) |
| 2:24 | Crear | Villager (Male) |
| 2:50 | Crear | Villager (Male) |
| 2:51 | Crear | Villager (Male) |
| 3:10 | Construir | House |
| 3:24 | Crear | Villager (Male) |
| 3:24 | Crear | Villager (Male) |
| 3:42 | Crear | Villager (Male) |
| 4:10 | Crear | Villager (Male) |
| 4:33 | Crear | Villager (Male) |
| 4:33 | Crear | Villager (Male) |
| 4:58 | Crear | Villager (Male) |
| 4:59 | Crear | Villager (Male) |
| 4:59 | Crear | Villager (Male) |
| 4:59 | Crear | Villager (Male) |
| 5:50 | Crear | Villager (Male) |
| 5:50 | Crear | Villager (Male) |
| 6:04 | Construir | Mill |
| 6:30 | Crear | Villager (Male) |
| 7:01 | Crear | Villager (Male) |
| 7:02 | Crear | Villager (Male) |
| 7:54 | Crear | Villager (Male) |
| 8:10 | Crear | Villager (Male) |
| 8:25 | Construir | Farm |
| 8:40 | Construir | Palisade Wall |
| 8:41 | Construir | House |
| 8:43 | Construir | Palisade Wall |
| 8:43 | Construir | Palisade Wall |
| 8:46 | Crear | Villager (Male) |
| 8:52 | Construir | Mining Camp |
| 9:04 | Investigar | Feudal Age |
| 10:30 | Crear | Villager (Male) |
| 10:31 | Crear | Villager (Male) |
| 10:41 | Construir | Farm |
| 11:24 | Edad | Edad Feudal |
| 11:31 | Crear | Villager (Male) |
| 11:32 | Construir | Blacksmith |
| 11:36 | Construir | Mill |
| 11:42 | Construir | Market |
| 12:07 | Crear | Villager (Male) |
| 13:20 | Investigar | Castle Age |
| 13:20 | Investigar | Castle Age |
| 13:44 | Construir | Farm |
| 13:53 | Construir | Palisade Wall |
| 13:58 | Construir | Palisade Gate |
| 14:20 | Construir | Barracks |
| 14:40 | Construir | Farm |
| 14:45 | Investigar | Loom |
| 15:19 | Construir | Archery Range |
| 15:28 | Investigar | Double-Bit Axe |
| 15:29 | Investigar | Horse Collar |
| 16:00 | Edad | Edad de los Castillos |
| 16:04 | Crear | Villager (Male) |
| 16:22 | Crear | Villager (Male) |
| 16:25 | Investigar | Fletching |
| 16:35 | Crear | Cavalry Archer |
| 16:35 | Crear | Cavalry Archer |
| 17:00 | Construir | Archery Range |
| 17:10 | Crear | Villager (Male) |
| 17:39 | Construir | House |
| 17:41 | Construir | House |
| 17:45 | Crear | Cavalry Archer |
| 17:51 | Construir | House |
| 17:55 | Crear | Villager (Male) |
| 17:56 | Crear | Villager (Male) |
| 18:05 | Construir | Lumber Camp |
| 18:10 | Construir | Palisade Wall |
| 18:11 | Construir | Palisade Wall |
| 18:25 | Crear | Cavalry Archer |
| 18:25 | Crear | Cavalry Archer |
| 18:26 | Crear | Villager (Male) |
| 19:13 | Crear | Villager (Male) |
| 19:13 | Crear | Villager (Male) |
| 19:14 | Crear | Villager (Male) ×5 |
| 19:32 | Construir | House |
| 19:39 | Construir | Lumber Camp |
| 20:09 | Construir | Farm |
| 20:25 | Construir | Farm |
| 20:25 | Construir | Farm |
| 20:32 | Crear | Villager (Male) |
| 20:38 | Construir | Farm |
| 20:47 | Construir | Farm |
| 20:54 | Construir | Farm |
| 21:05 | Construir | Farm |
| 21:09 | Construir | Farm |
| 21:14 | Crear | Cavalry Archer |
| 21:14 | Crear | Cavalry Archer |
| 21:17 | Construir | Farm |
| 21:20 | Construir | Farm |
| 21:22 | Crear | Villager (Male) |
| 21:45 | Construir | Farm |
| 21:50 | Crear | Cavalry Archer |
| 21:50 | Crear | Cavalry Archer |
| 22:02 | Crear | Cavalry Archer |
| 22:02 | Crear | Cavalry Archer |
| 22:04 | Investigar | Gold Mining |
| 22:23 | Crear | Villager (Male) |
| 22:27 | Construir | Farm |
| 22:29 | Construir | Farm |
| 22:30 | Crear | Villager (Male) |
| 22:45 | Crear | Cavalry Archer |
| 22:46 | Crear | Cavalry Archer |
Build order — Emily001
112 acciones detectadas en el replay
| 0:01 | Crear | Villager (Male) |
| 0:03 | Construir | House |
| 0:04 | Construir | House |
| 0:06 | Construir | House |
| 0:11 | Crear | Villager (Male) |
| 0:11 | Crear | Villager (Male) |
| 0:12 | Crear | Villager (Male) |
| 1:28 | Crear | Villager (Male) |
| 1:28 | Crear | Villager (Male) |
| 1:47 | Construir | Lumber Camp |
| 1:58 | Crear | Villager (Male) |
| 2:30 | Crear | Villager (Male) |
| 2:30 | Crear | Villager (Male) |
| 2:41 | Construir | House |
| 2:43 | Construir | House |
| 2:57 | Crear | Villager (Male) |
| 3:13 | Crear | Villager (Male) |
| 3:40 | Crear | Villager (Male) |
| 3:40 | Crear | Villager (Male) |
| 3:45 | Construir | Palisade Wall |
| 3:55 | Crear | Villager (Male) |
| 3:55 | Crear | Villager (Male) |
| 4:04 | Construir | Palisade Gate |
| 5:05 | Crear | Villager (Male) |
| 5:05 | Crear | Villager (Male) |
| 5:05 | Crear | Villager (Male) |
| 5:08 | Crear | Villager (Male) |
| 5:08 | Crear | Villager (Male) |
| 5:08 | Crear | Villager (Male) |
| 6:24 | Construir | Mill |
| 6:50 | Crear | Villager (Male) |
| 6:50 | Crear | Villager (Male) |
| 7:30 | Construir | Mining Camp |
| 7:38 | Construir | Farm |
| 7:42 | Crear | Villager (Male) |
| 7:43 | Crear | Villager (Male) |
| 8:15 | Construir | Farm |
| 8:25 | Investigar | Feudal Age |
| 8:25 | Investigar | Feudal Age |
| 8:31 | Construir | Farm |
| 9:29 | Construir | House |
| 10:43 | Crear | Villager (Male) |
| 10:43 | Crear | Villager (Male) |
| 11:00 | Edad | Edad Feudal |
| 11:15 | Crear | Villager (Male) |
| 11:21 | Construir | Market |
| 11:24 | Construir | Blacksmith |
| 11:32 | Construir | Mining Camp |
| 11:52 | Investigar | Loom |
| 12:10 | Construir | Gate |
| 12:17 | Investigar | Castle Age |
| 12:44 | Investigar | Horse Collar |
| 13:07 | Investigar | Double-Bit Axe |
| 13:19 | Construir | Farm |
| 13:31 | Construir | Farm |
| 13:51 | Construir | Outpost |
| 14:54 | Crear | Villager (Male) |
| 14:54 | Crear | Villager (Male) |
| 15:20 | Edad | Edad de los Castillos |
| 15:51 | Construir | Castle |
| 15:57 | Construir | Palisade Wall |
| 15:59 | Construir | Palisade Wall |
| 16:00 | Construir | Palisade Wall |
| 16:06 | Construir | Palisade Wall |
| 16:08 | Construir | Palisade Wall |
| 16:33 | Investigar | Wheelbarrow |
| 16:41 | Investigar | Bow Saw |
| 17:09 | Construir | Mill |
| 17:11 | Crear | Mameluke |
| 17:11 | Crear | Mameluke |
| 17:11 | Crear | Mameluke |
| 17:40 | Crear | Villager (Male) |
| 17:40 | Crear | Villager (Male) |
| 17:41 | Crear | Villager (Male) |
| 17:53 | Construir | Farm |
| 18:01 | Crear | Mameluke |
| 18:05 | Construir | Farm |
| 18:18 | Construir | Farm |
| 19:11 | Crear | Mameluke |
| 19:12 | Crear | Mameluke |
| 19:13 | Crear | Villager (Male) |
| 19:13 | Crear | Villager (Male) |
| 19:13 | Crear | Villager (Male) |
| 19:14 | Crear | Villager (Male) |
| 19:30 | Crear | Villager (Male) |
| 19:30 | Crear | Villager (Male) |
| 19:30 | Crear | Villager (Male) |
| 19:46 | Investigar | Scale Barding Armor |
| 19:47 | Investigar | Scale Barding Armor |
| 20:12 | Crear | Mameluke |
| 20:26 | Construir | Farm |
| 20:27 | Construir | Farm |
| 20:33 | Construir | Town Center |
| 20:46 | Crear | Villager (Male) |
| 20:47 | Crear | Villager (Male) |
| 20:49 | Crear | Mameluke |
| 20:49 | Crear | Mameluke |
| 21:17 | Investigar | Forging |
| 21:17 | Investigar | Forging |
| 21:19 | Crear | Mameluke |
| 21:19 | Crear | Mameluke |
| 21:33 | Crear | Villager (Male) |
| 21:33 | Crear | Villager (Male) |
| 21:41 | Construir | Town Center |
| 21:53 | Crear | Villager (Male) |
| 21:57 | Construir | Farm |
| 22:00 | Construir | Farm |
| 22:02 | Construir | Farm |
| 22:06 | Construir | Farm |
| 22:12 | Construir | Farm |
| 22:32 | Crear | Mameluke |
| 22:32 | Crear | Mameluke |
Build order — TW_andy.fet
92 acciones detectadas en el replay
| 0:01 | Crear | Villager (Male) |
| 0:01 | Crear | Villager (Male) |
| 0:01 | Crear | Villager (Male) |
| 0:04 | Construir | House |
| 0:05 | Construir | House |
| 0:31 | Crear | Villager (Male) |
| 1:31 | Crear | Villager (Male) |
| 1:31 | Crear | Villager (Male) |
| 1:45 | Construir | Lumber Camp |
| 1:48 | Investigar | Loom |
| 1:48 | Investigar | Loom |
| 1:53 | Crear | Villager (Male) |
| 1:53 | Crear | Villager (Male) |
| 2:16 | Crear | Villager (Male) |
| 2:16 | Crear | Villager (Male) |
| 2:34 | Construir | House |
| 2:41 | Crear | Villager (Male) |
| 2:41 | Crear | Villager (Male) |
| 3:06 | Crear | Villager (Male) |
| 3:11 | Construir | House |
| 3:36 | Construir | Palisade Gate |
| 3:43 | Construir | Palisade Wall |
| 3:46 | Crear | Villager (Male) |
| 3:46 | Crear | Villager (Male) |
| 4:14 | Crear | Villager (Male) |
| 4:14 | Crear | Villager (Male) |
| 4:31 | Construir | Palisade Wall |
| 4:34 | Construir | Palisade Wall |
| 4:45 | Crear | Villager (Male) |
| 5:22 | Investigar | Loom |
| 5:23 | Investigar | Loom |
| 5:24 | Crear | Villager (Male) |
| 5:24 | Crear | Villager (Male) |
| 5:44 | Crear | Villager (Male) |
| 5:44 | Crear | Villager (Male) |
| 5:44 | Crear | Villager (Male) |
| 6:07 | Crear | Villager (Male) |
| 6:12 | Crear | Villager (Male) |
| 6:12 | Crear | Villager (Male) |
| 6:25 | Construir | Mill |
| 7:02 | Construir | House |
| 7:46 | Investigar | Feudal Age |
| 7:46 | Investigar | Feudal Age |
| 9:56 | Edad | Edad Feudal |
| 10:05 | Construir | Market |
| 10:15 | Crear | Villager (Male) |
| 10:15 | Crear | Villager (Male) |
| 10:15 | Crear | Villager (Male) |
| 11:21 | Crear | Villager (Male) |
| 11:21 | Crear | Villager (Male) |
| 11:21 | Crear | Villager (Male) |
| 11:21 | Crear | Villager (Male) |
| 11:21 | Crear | Villager (Male) |
| 11:57 | Crear | Villager (Male) |
| 11:57 | Crear | Villager (Male) |
| 11:57 | Crear | Villager (Male) |
| 12:10 | Construir | Market |
| 12:17 | Construir | Blacksmith |
| 12:59 | Construir | Palisade Wall |
| 13:06 | Construir | Mill |
| 13:17 | Construir | Palisade Gate |
| 13:29 | Construir | Stone Wall |
| 13:40 | Construir | Farm |
| 13:44 | Construir | Farm |
| 14:14 | Construir | Farm |
| 14:26 | Construir | Mill |
| 14:31 | Construir | Mining Camp |
| 14:59 | Construir | Farm |
| 15:47 | Crear | Villager (Male) |
| 15:47 | Crear | Villager (Male) |
| 15:47 | Crear | Villager (Male) |
| 16:39 | Construir | Farm |
| 17:06 | Crear | Villager (Male) |
| 17:07 | Crear | Villager (Male) |
| 17:07 | Crear | Villager (Male) |
| 17:18 | Construir | Farm |
| 17:44 | Investigar | Castle Age |
| 17:45 | Investigar | Castle Age |
| 18:33 | Construir | Lumber Camp |
| 19:29 | Construir | Stone Wall |
| 19:48 | Construir | Farm |
| 20:24 | Edad | Edad de los Castillos |
| 20:40 | Construir | Siege Workshop |
| 20:52 | Construir | Palisade Gate |
| 21:30 | Crear | Mangonel |
| 21:30 | Crear | Mangonel |
| 21:51 | Crear | Battering Ram |
| 21:52 | Crear | Battering Ram |
| 22:02 | Crear | Mangonel |
| 22:02 | Crear | Mangonel |
| 22:30 | Construir | Gate |
| 22:34 | Construir | Stone Wall |
Build order — Kou_Bs
121 acciones detectadas en el replay
| 0:01 | Crear | Villager (Male) |
| 0:02 | Crear | Villager (Male) |
| 0:03 | Construir | House |
| 0:04 | Construir | House |
| 0:17 | Crear | Villager (Male) |
| 0:17 | Crear | Villager (Male) |
| 0:18 | Crear | Villager (Male) |
| 1:24 | Crear | Villager (Male) |
| 1:44 | Construir | Lumber Camp |
| 2:13 | Crear | Villager (Male) |
| 2:13 | Crear | Villager (Male) |
| 2:13 | Crear | Villager (Male) |
| 2:36 | Crear | Villager (Male) |
| 2:37 | Crear | Villager (Male) |
| 3:22 | Crear | Villager (Male) |
| 3:22 | Crear | Villager (Male) |
| 3:41 | Construir | House |
| 3:42 | Construir | House |
| 3:43 | Construir | House |
| 3:44 | Construir | House |
| 3:49 | Construir | House |
| 3:50 | Construir | House |
| 3:51 | Construir | House |
| 3:52 | Construir | House |
| 3:57 | Crear | Villager (Male) |
| 4:23 | Crear | Villager (Male) |
| 5:01 | Construir | Mill |
| 5:06 | Crear | Villager (Male) |
| 5:07 | Crear | Villager (Male) |
| 5:13 | Crear | Villager (Male) |
| 5:13 | Crear | Villager (Male) |
| 5:25 | Construir | Palisade Wall |
| 5:34 | Crear | Villager (Male) |
| 5:36 | Crear | Villager (Male) |
| 5:36 | Crear | Villager (Male) |
| 5:50 | Construir | Farm |
| 7:13 | Construir | Lumber Camp |
| 7:14 | Crear | Villager (Male) |
| 7:38 | Crear | Villager (Male) |
| 7:46 | Construir | Farm |
| 7:58 | Crear | Villager (Male) |
| 7:58 | Crear | Villager (Male) |
| 8:17 | Construir | Farm |
| 8:31 | Crear | Villager (Male) |
| 8:31 | Crear | Villager (Male) |
| 8:38 | Construir | Farm |
| 9:01 | Investigar | Feudal Age |
| 9:09 | Construir | Mining Camp |
| 10:41 | Construir | Barracks |
| 11:20 | Crear | Villager (Male) |
| 11:20 | Crear | Villager (Male) |
| 11:30 | Edad | Edad Feudal |
| 11:45 | Construir | Stable |
| 12:03 | Construir | Blacksmith |
| 12:10 | Construir | House |
| 12:11 | Construir | House |
| 12:25 | Crear | Villager (Male) |
| 12:47 | Investigar | Castle Age |
| 12:48 | Investigar | Castle Age |
| 13:01 | Investigar | Double-Bit Axe |
| 13:02 | Investigar | Horse Collar |
| 13:45 | Construir | Farm |
| 13:47 | Construir | Farm |
| 14:00 | Investigar | Bloodlines |
| 14:03 | Construir | Farm |
| 14:15 | Construir | House |
| 14:19 | Construir | Farm |
| 14:47 | Investigar | Forging |
| 15:24 | Investigar | Scale Barding Armor |
| 15:30 | Edad | Edad de los Castillos |
| 15:41 | Construir | Farm |
| 15:43 | Crear | Knight |
| 15:56 | Crear | Knight |
| 16:18 | Crear | Knight |
| 16:23 | Crear | Villager (Male) |
| 16:23 | Crear | Villager (Male) |
| 16:31 | Construir | Farm |
| 16:42 | Crear | Knight |
| 16:58 | Crear | Villager (Male) |
| 17:01 | Construir | Farm |
| 17:51 | Crear | Knight |
| 17:52 | Crear | Villager (Male) |
| 17:52 | Crear | Villager (Male) |
| 18:08 | Crear | Knight |
| 18:09 | Crear | Knight |
| 18:27 | Crear | Knight |
| 18:43 | Crear | Knight |
| 18:45 | Crear | Villager (Male) |
| 18:45 | Crear | Villager (Male) |
| 18:46 | Crear | Villager (Male) |
| 18:48 | Construir | Farm |
| 18:49 | Construir | Farm |
| 19:10 | Crear | Villager (Male) |
| 19:20 | Construir | Town Center |
| 19:49 | Construir | Town Center |
| 20:19 | Crear | Villager (Male) |
| 20:19 | Crear | Villager (Male) |
| 20:26 | Crear | Villager (Male) |
| 20:40 | Construir | Palisade Gate |
| 20:53 | Crear | Villager (Male) |
| 20:53 | Crear | Villager (Male) |
| 20:54 | Crear | Villager (Male) |
| 21:18 | Crear | Villager (Male) |
| 21:18 | Crear | Villager (Male) |
| 21:19 | Crear | Villager (Male) |
| 21:28 | Construir | Farm |
| 21:29 | Construir | Farm |
| 21:31 | Construir | Farm |
| 21:37 | Crear | Villager (Male) |
| 21:37 | Crear | Villager (Male) |
| 22:09 | Crear | Villager (Male) |
| 22:09 | Crear | Villager (Male) |
| 22:15 | Construir | House |
| 22:16 | Construir | House |
| 22:16 | Construir | House |
| 22:20 | Construir | Farm |
| 22:24 | Construir | Farm |
| 22:27 | Construir | Farm |
| 22:36 | Crear | Villager (Male) |
| 22:36 | Crear | Villager (Male) |
| 22:37 | Crear | Villager (Male) |
Build order — 游樂比(ULB)
Primeras 150 de 172 acciones detectadas
| 0:01 | Crear | Villager (Male) |
| 0:01 | Crear | Villager (Male) |
| 0:02 | Crear | Villager (Male) |
| 0:02 | Crear | Villager (Male) |
| 0:03 | Construir | House |
| 0:05 | Construir | House |
| 1:28 | Crear | Villager (Male) |
| 1:28 | Crear | Villager (Male) |
| 2:01 | Crear | Villager (Male) |
| 2:01 | Crear | Villager (Male) |
| 2:11 | Construir | Lumber Camp |
| 2:30 | Crear | Villager (Male) |
| 2:30 | Crear | Villager (Male) |
| 2:31 | Crear | Villager (Male) |
| 2:31 | Crear | Villager (Male) |
| 2:42 | Crear | Villager (Male) |
| 3:04 | Crear | Villager (Male) |
| 3:04 | Crear | Villager (Male) |
| 3:48 | Crear | Villager (Male) |
| 3:48 | Crear | Villager (Male) |
| 3:50 | Construir | House |
| 3:53 | Construir | House |
| 3:58 | Construir | House |
| 4:11 | Construir | House |
| 4:23 | Crear | Villager (Male) |
| 4:23 | Crear | Villager (Male) |
| 4:23 | Crear | Villager (Male) |
| 4:31 | Construir | Palisade Wall |
| 4:51 | Crear | Villager (Male) |
| 4:51 | Crear | Villager (Male) |
| 5:10 | Crear | Villager (Male) |
| 5:36 | Crear | Villager (Male) |
| 5:37 | Crear | Villager (Male) |
| 6:09 | Construir | Mill |
| 6:56 | Construir | Farm |
| 7:02 | Construir | Farm |
| 7:05 | Construir | Farm |
| 7:06 | Crear | Villager (Male) |
| 7:06 | Crear | Villager (Male) |
| 7:07 | Crear | Villager (Male) |
| 7:36 | Crear | Villager (Male) |
| 8:29 | Investigar | Feudal Age |
| 8:33 | Construir | Mining Camp |
| 9:37 | Crear | Villager (Male) |
| 9:38 | Crear | Villager (Male) |
| 10:58 | Edad | Edad Feudal |
| 11:01 | Construir | Market |
| 11:04 | Construir | Blacksmith |
| 11:53 | Investigar | Castle Age |
| 11:53 | Investigar | Castle Age |
| 12:33 | Investigar | Double-Bit Axe |
| 13:50 | Crear | Villager (Male) |
| 14:00 | Investigar | Horse Collar |
| 14:09 | Construir | Farm |
| 14:10 | Construir | Farm |
| 14:11 | Construir | Farm |
| 14:33 | Edad | Edad de los Castillos |
| 14:35 | Construir | Town Center |
| 14:38 | Construir | Town Center |
| 14:41 | Investigar | Bow Saw |
| 14:42 | Crear | Villager (Male) |
| 15:04 | Construir | House |
| 15:22 | Crear | Villager (Male) |
| 15:29 | Construir | House |
| 15:30 | Construir | House |
| 15:36 | Construir | Farm |
| 15:39 | Construir | Farm |
| 15:58 | Crear | Villager (Male) |
| 16:00 | Construir | Farm |
| 16:04 | Crear | Villager (Male) |
| 16:04 | Crear | Villager (Male) |
| 16:05 | Crear | Villager (Male) |
| 16:21 | Crear | Villager (Male) |
| 16:21 | Crear | Villager (Male) |
| 16:21 | Crear | Villager (Male) |
| 16:35 | Crear | Villager (Male) |
| 16:45 | Construir | House |
| 16:52 | Construir | Farm |
| 16:53 | Construir | Farm |
| 16:54 | Construir | Farm |
| 16:55 | Crear | Villager (Male) |
| 16:55 | Crear | Villager (Male) |
| 16:57 | Construir | Farm |
| 17:15 | Crear | Villager (Male) |
| 17:15 | Crear | Villager (Male) |
| 17:15 | Crear | Villager (Male) |
| 17:21 | Construir | House |
| 17:22 | Construir | House |
| 17:27 | Construir | Farm |
| 17:27 | Construir | Farm |
| 17:28 | Construir | Farm |
| 17:36 | Construir | Monastery |
| 17:38 | Crear | Villager (Male) |
| 17:39 | Crear | Villager (Male) |
| 17:48 | Crear | Villager (Male) |
| 17:48 | Crear | Villager (Male) |
| 17:56 | Construir | Farm |
| 18:16 | Crear | Villager (Male) |
| 18:17 | Crear | Villager (Male) |
| 18:17 | Crear | Villager (Male) |
| 18:17 | Crear | Villager (Male) |
| 18:21 | Construir | Farm |
| 18:23 | Construir | Farm |
| 18:25 | Crear | Monk |
| 18:26 | Crear | Monk |
| 18:32 | Construir | Farm |
| 18:32 | Crear | Villager (Male) |
| 18:43 | Construir | House |
| 18:56 | Construir | Palisade Gate |
| 18:58 | Crear | Villager (Male) |
| 18:58 | Crear | Villager (Male) |
| 18:58 | Crear | Villager (Male) |
| 19:02 | Construir | Farm |
| 19:05 | Crear | Villager (Male) |
| 19:11 | Crear | Villager (Male) |
| 19:11 | Crear | Villager (Male) |
| 19:21 | Crear | Villager (Male) |
| 19:22 | Crear | Villager (Male) |
| 19:22 | Crear | Villager (Male) |
| 19:26 | Construir | Farm |
| 19:34 | Crear | Villager (Male) |
| 19:44 | Crear | Villager (Male) |
| 19:44 | Crear | Villager (Male) |
| 19:44 | Crear | Villager (Male) |
| 19:47 | Construir | Farm |
| 19:49 | Crear | Villager (Male) |
| 19:49 | Crear | Villager (Male) |
| 19:52 | Construir | Farm |
| 19:56 | Crear | Villager (Male) |
| 20:07 | Crear | Villager (Male) |
| 20:07 | Crear | Villager (Male) |
| 20:16 | Crear | Villager (Male) |
| 20:16 | Crear | Villager (Male) |
| 20:16 | Crear | Villager (Male) |
| 20:24 | Construir | House |
| 20:28 | Construir | Farm |
| 20:29 | Construir | Farm |
| 20:30 | Crear | Villager (Male) |
| 20:30 | Crear | Villager (Male) |
| 20:37 | Crear | Monk |
| 20:38 | Crear | Villager (Male) |
| 20:38 | Crear | Villager (Male) |
| 20:49 | Construir | Farm |
| 20:49 | Construir | Farm |
| 20:49 | Construir | Farm |
| 20:50 | Construir | Farm |
| 20:50 | Construir | Farm |
| 20:50 | Construir | Farm |
| 20:56 | Crear | Villager (Male) |
| 20:56 | Crear | Villager (Male) |
Build order — FUFU
107 acciones detectadas en el replay
| 0:00 | Crear | Villager (Male) |
| 0:00 | Crear | Villager (Male) |
| 0:01 | Crear | Villager (Male) |
| 0:01 | Crear | Villager (Male) |
| 0:01 | Crear | Villager (Male) |
| 0:02 | Construir | House |
| 0:04 | Construir | House |
| 1:27 | Crear | Villager (Male) |
| 1:27 | Crear | Villager (Male) |
| 2:04 | Crear | Villager (Male) |
| 2:04 | Crear | Villager (Male) |
| 2:09 | Construir | Lumber Camp |
| 2:17 | Crear | Villager (Male) |
| 2:18 | Crear | Villager (Male) |
| 2:35 | Crear | Villager (Male) |
| 2:36 | Crear | Villager (Male) |
| 3:10 | Crear | Villager (Male) |
| 3:10 | Crear | Villager (Male) |
| 3:22 | Construir | House |
| 3:42 | Crear | Villager (Male) |
| 3:43 | Crear | Villager (Male) |
| 4:36 | Crear | Villager (Male) |
| 5:12 | Construir | Barracks |
| 5:22 | Crear | Villager (Male) |
| 5:43 | Crear | Villager (Male) |
| 5:51 | Crear | Villager (Male) |
| 6:34 | Investigar | Feudal Age |
| 6:34 | Investigar | Feudal Age |
| 6:49 | Crear | Militia |
| 7:10 | Crear | Militia |
| 7:13 | Construir | House |
| 7:34 | Crear | Militia |
| 8:01 | Crear | Villager (Male) |
| 8:09 | Construir | Mill |
| 8:11 | Crear | Militia |
| 8:45 | Construir | Palisade Wall |
| 8:50 | Edad | Edad Feudal |
| 8:52 | Construir | House |
| 8:53 | Investigar | Man-at-Arms (upgrade) |
| 9:45 | Crear | Villager (Male) |
| 10:06 | Crear | Villager (Male) |
| 10:27 | Crear | Villager (Male) |
| 10:31 | Investigar | Arson |
| 10:41 | Crear | Villager (Male) |
| 10:43 | Construir | Farm |
| 10:43 | Construir | Farm |
| 10:43 | Construir | Farm |
| 10:44 | Construir | Farm |
| 10:44 | Construir | Farm |
| 10:44 | Construir | Farm |
| 10:47 | Investigar | Horse Collar |
| 10:50 | Construir | Palisade Gate |
| 11:00 | Crear | Villager (Male) |
| 11:37 | Crear | Villager (Male) |
| 11:42 | Construir | Farm |
| 11:48 | Construir | House |
| 11:50 | Crear | Villager (Male) |
| 12:03 | Crear | Villager (Male) |
| 12:15 | Crear | Villager (Male) |
| 12:34 | Crear | Villager (Male) |
| 12:36 | Construir | Farm |
| 12:40 | Construir | Farm |
| 13:11 | Crear | Villager (Male) |
| 13:18 | Crear | Villager (Male) |
| 13:21 | Crear | Villager (Male) |
| 13:21 | Crear | Villager (Male) |
| 13:28 | Crear | Villager (Male) |
| 13:35 | Crear | Villager (Male) |
| 13:51 | Crear | Villager (Male) |
| 14:08 | Construir | House |
| 14:34 | Construir | Blacksmith |
| 14:38 | Crear | Villager (Male) |
| 14:42 | Construir | Mill |
| 14:42 | Construir | Farm |
| 14:43 | Construir | Farm |
| 14:43 | Construir | Farm |
| 14:43 | Construir | Farm |
| 14:43 | Construir | Farm |
| 14:43 | Construir | Farm |
| 14:44 | Construir | Farm |
| 14:55 | Construir | House |
| 15:27 | Investigar | Forging |
| 15:30 | Investigar | Scale Mail Armor |
| 15:37 | Construir | Mining Camp |
| 15:41 | Construir | Stable |
| 15:47 | Construir | House |
| 16:25 | Crear | Villager (Male) |
| 16:37 | Construir | House |
| 16:49 | Crear | Villager (Male) |
| 17:00 | Construir | House |
| 17:02 | Construir | House |
| 17:53 | Crear | Villager (Male) |
| 18:29 | Crear | Villager (Male) |
| 18:30 | Investigar | Castle Age |
| 19:42 | Construir | Lumber Camp |
| 20:13 | Crear | Villager (Male) |
| 20:27 | Investigar | Wheelbarrow |
| 20:27 | Investigar | Loom |
| 20:33 | Investigar | Gold Mining |
| 20:43 | Construir | Mining Camp |
| 21:11 | Edad | Edad de los Castillos |
| 21:12 | Construir | Siege Workshop |
| 21:14 | Construir | Monastery |
| 22:06 | Investigar | Loom |
| 22:16 | Investigar | Stone Mining |
| 22:18 | Investigar | Imperial Age |
| 22:34 | Construir | Mining Camp |
Build order — TAG_Amaterasu
Primeras 150 de 160 acciones detectadas
| 0:01 | Crear | Villager (Male) |
| 0:02 | Crear | Villager (Male) |
| 0:02 | Crear | Villager (Male) |
| 0:03 | Construir | House |
| 0:05 | Construir | House |
| 0:12 | Crear | Villager (Male) |
| 0:13 | Crear | Villager (Male) |
| 0:13 | Crear | Villager (Male) |
| 1:28 | Crear | Villager (Male) |
| 1:28 | Crear | Villager (Male) |
| 1:28 | Crear | Villager (Male) |
| 1:29 | Crear | Villager (Male) |
| 1:52 | Crear | Villager (Male) |
| 1:52 | Crear | Villager (Male) |
| 1:52 | Crear | Villager (Male) |
| 1:52 | Crear | Villager (Male) |
| 2:19 | Crear | Villager (Male) |
| 2:20 | Crear | Villager (Male) |
| 2:20 | Crear | Villager (Male) |
| 2:20 | Crear | Villager (Male) |
| 2:40 | Construir | Lumber Camp |
| 2:44 | Crear | Villager (Male) |
| 2:44 | Crear | Villager (Male) |
| 2:44 | Crear | Villager (Male) |
| 2:44 | Crear | Villager (Male) |
| 2:50 | Crear | Villager (Male) |
| 2:50 | Crear | Villager (Male) |
| 2:50 | Crear | Villager (Male) |
| 2:50 | Crear | Villager (Male) |
| 3:05 | Construir | House |
| 3:37 | Crear | Villager (Male) |
| 3:37 | Crear | Villager (Male) |
| 3:37 | Crear | Villager (Male) |
| 3:51 | Crear | Villager (Male) |
| 3:52 | Crear | Villager (Male) |
| 3:52 | Crear | Villager (Male) |
| 4:18 | Crear | Villager (Male) |
| 4:18 | Crear | Villager (Male) |
| 4:19 | Crear | Villager (Male) |
| 4:19 | Crear | Villager (Male) |
| 5:19 | Construir | Mining Camp |
| 5:20 | Crear | Villager (Male) |
| 5:39 | Investigar | Loom |
| 6:09 | Investigar | Feudal Age |
| 6:41 | Construir | House |
| 6:47 | Construir | Palisade Wall |
| 7:20 | Construir | House |
| 7:31 | Crear | Villager (Male) |
| 7:31 | Crear | Villager (Male) |
| 7:31 | Crear | Villager (Male) |
| 7:53 | Crear | Villager (Male) |
| 7:53 | Crear | Villager (Male) |
| 7:53 | Crear | Villager (Male) |
| 7:53 | Crear | Villager (Male) |
| 8:26 | Edad | Edad Feudal |
| 8:39 | Construir | Watch Tower |
| 8:55 | Construir | Palisade Wall |
| 9:03 | Crear | Villager (Male) |
| 9:23 | Construir | Palisade Gate |
| 9:39 | Construir | Blacksmith |
| 9:56 | Construir | Palisade Wall |
| 10:11 | Crear | Villager (Male) |
| 10:15 | Construir | Watch Tower |
| 10:28 | Construir | Palisade Wall |
| 10:53 | Crear | Villager (Male) |
| 10:53 | Crear | Villager (Male) |
| 11:06 | Construir | Stone Wall |
| 11:12 | Construir | Palisade Wall |
| 11:16 | Construir | Palisade Wall |
| 11:56 | Crear | Villager (Male) |
| 11:56 | Crear | Villager (Male) |
| 12:01 | Construir | Stone Wall |
| 12:04 | Crear | Villager (Male) |
| 12:10 | Construir | Mill |
| 12:13 | Construir | House |
| 12:36 | Construir | House |
| 12:42 | Construir | Palisade Wall |
| 13:08 | Construir | Farm |
| 13:09 | Construir | Farm |
| 13:09 | Construir | Farm |
| 13:10 | Construir | Farm |
| 13:10 | Construir | Farm |
| 13:32 | Construir | Watch Tower |
| 13:38 | Construir | Palisade Gate |
| 13:55 | Construir | Palisade Wall |
| 13:56 | Construir | Palisade Wall |
| 14:00 | Crear | Villager (Male) |
| 14:01 | Crear | Villager (Male) |
| 14:12 | Construir | Palisade Gate |
| 14:16 | Crear | Villager (Male) |
| 14:16 | Crear | Villager (Male) |
| 14:16 | Crear | Villager (Male) |
| 14:21 | Investigar | Fletching |
| 14:22 | Construir | House |
| 14:23 | Crear | Villager (Male) |
| 14:23 | Crear | Villager (Male) |
| 14:23 | Crear | Villager (Male) |
| 14:24 | Crear | Villager (Male) |
| 14:50 | Construir | Watch Tower |
| 15:01 | Construir | Stone Wall |
| 15:05 | Construir | Gate |
| 15:12 | Construir | Stone Wall |
| 15:13 | Crear | Villager (Male) |
| 15:13 | Crear | Villager (Male) |
| 15:14 | Crear | Villager (Male) |
| 15:14 | Crear | Villager (Male) |
| 15:14 | Crear | Villager (Male) |
| 15:14 | Crear | Villager (Male) |
| 15:18 | Construir | Farm |
| 15:20 | Construir | Farm |
| 15:21 | Construir | Farm |
| 15:41 | Crear | Villager (Male) |
| 15:45 | Construir | Watch Tower |
| 16:03 | Construir | Palisade Wall |
| 16:24 | Crear | Villager (Male) |
| 16:38 | Crear | Villager (Male) |
| 16:39 | Crear | Villager (Male) |
| 16:48 | Construir | House |
| 16:52 | Construir | Palisade Gate |
| 17:04 | Construir | Palisade Gate |
| 17:12 | Construir | Palisade Gate |
| 17:16 | Crear | Villager (Male) |
| 17:17 | Crear | Villager (Male) |
| 17:40 | Crear | Villager (Male) |
| 17:43 | Construir | Farm |
| 17:44 | Construir | Farm |
| 17:46 | Construir | Farm |
| 17:47 | Crear | Villager (Male) |
| 17:51 | Construir | Farm |
| 18:09 | Construir | Watch Tower |
| 18:14 | Construir | Palisade Wall |
| 18:15 | Construir | Palisade Wall |
| 18:16 | Construir | Palisade Wall |
| 18:16 | Construir | Palisade Wall |
| 18:17 | Construir | Palisade Wall |
| 18:17 | Construir | Palisade Wall |
| 18:18 | Construir | Palisade Wall |
| 18:18 | Construir | Palisade Wall |
| 18:19 | Construir | Palisade Wall |
| 18:21 | Crear | Villager (Male) |
| 18:47 | Investigar | Horse Collar |
| 18:48 | Investigar | Double-Bit Axe |
| 18:48 | Investigar | Double-Bit Axe |
| 19:20 | Investigar | Wheelbarrow |
| 19:21 | Investigar | Wheelbarrow |
| 19:21 | Investigar | Wheelbarrow |
| 19:42 | Construir | Farm |
| 19:43 | Construir | Farm |
| 19:46 | Construir | Farm |
| 19:48 | Construir | Farm |
Build order — GdR_Mark_Landers
92 acciones detectadas en el replay
| 0:00 | Crear | Villager (Male) |
| 0:01 | Crear | Villager (Male) |
| 0:03 | Construir | House |
| 0:05 | Construir | House |
| 0:36 | Crear | Villager (Male) |
| 1:03 | Crear | Villager (Male) |
| 1:31 | Crear | Villager (Male) |
| 2:06 | Crear | Villager (Male) |
| 2:06 | Crear | Villager (Male) |
| 2:20 | Construir | Lumber Camp |
| 2:35 | Crear | Villager (Male) |
| 3:10 | Crear | Villager (Male) |
| 3:33 | Crear | Villager (Male) |
| 3:34 | Crear | Villager (Male) |
| 3:51 | Construir | House |
| 4:03 | Crear | Villager (Male) |
| 4:22 | Construir | House |
| 4:25 | Crear | Villager (Male) |
| 5:19 | Crear | Villager (Male) |
| 5:30 | Construir | Mill |
| 5:37 | Crear | Villager (Male) |
| 6:13 | Crear | Villager (Male) |
| 6:40 | Investigar | Feudal Age |
| 6:41 | Investigar | Feudal Age |
| 7:41 | Construir | Barracks |
| 8:24 | Crear | Villager (Male) |
| 8:51 | Edad | Edad Feudal |
| 8:53 | Construir | Stable |
| 9:01 | Investigar | Double-Bit Axe |
| 9:06 | Crear | Villager (Male) |
| 9:24 | Crear | Villager (Male) |
| 9:30 | Construir | House |
| 9:39 | Crear | Scout Cavalry |
| 9:39 | Crear | Scout Cavalry |
| 10:02 | Crear | Villager (Male) |
| 10:06 | Construir | Blacksmith |
| 10:18 | Investigar | Horse Collar |
| 10:19 | Crear | Villager (Male) |
| 10:30 | Crear | Villager (Male) |
| 10:33 | Construir | Farm |
| 10:40 | Construir | House |
| 10:42 | Investigar | Forging |
| 10:58 | Construir | Farm |
| 11:17 | Crear | Villager (Male) |
| 11:20 | Construir | Farm |
| 11:35 | Crear | Villager (Male) |
| 11:38 | Construir | Farm |
| 11:50 | Crear | Villager (Male) |
| 12:04 | Construir | Farm |
| 12:21 | Construir | Farm |
| 12:35 | Crear | Villager (Male) |
| 12:51 | Crear | Villager (Male) |
| 12:53 | Construir | Farm |
| 13:14 | Crear | Villager (Male) |
| 13:23 | Construir | Farm |
| 13:25 | Construir | Farm |
| 13:53 | Crear | Villager (Male) |
| 14:12 | Crear | Villager (Male) |
| 14:14 | Construir | Mining Camp |
| 14:36 | Crear | Villager (Male) |
| 14:44 | Construir | Farm |
| 14:46 | Construir | Farm |
| 15:00 | Crear | Villager (Male) |
| 15:15 | Investigar | Castle Age |
| 15:15 | Investigar | Castle Age |
| 15:29 | Crear | Scout Cavalry |
| 15:50 | Construir | House |
| 15:51 | Construir | House |
| 16:24 | Construir | Farm |
| 16:27 | Construir | Farm |
| 16:28 | Investigar | Gold Mining |
| 16:55 | Construir | House |
| 17:08 | Crear | Villager (Male) |
| 17:13 | Investigar | Loom |
| 17:18 | Construir | Archery Range |
| 17:53 | Investigar | Fletching |
| 17:55 | Edad | Edad de los Castillos |
| 17:58 | Construir | Archery Range |
| 18:02 | Investigar | Bloodlines |
| 18:15 | Investigar | Bodkin Arrow |
| 18:16 | Crear | Villager (Male) |
| 18:19 | Investigar | Padded Archer Armor |
| 18:25 | Crear | Villager (Male) |
| 18:28 | Investigar | Bow Saw |
| 18:31 | Crear | Cavalry Archer |
| 18:48 | Crear | Cavalry Archer |
| 18:49 | Crear | Villager (Male) |
| 19:08 | Crear | Villager (Male) |
| 19:11 | Crear | Cavalry Archer |
| 19:17 | Construir | Farm |
| 19:27 | Crear | Cavalry Archer |
| 19:31 | Investigar | Husbandry |
Cronología de la partida
| 2:20 | UKickme-iKiLLU · wall_segment Palisade Wall x1 |
| 3:43 | TW_andy.fet · wall_segment Palisade Wall x5 |
| 3:45 | Emily001 · wall_segment Palisade Wall x10 |
| 4:31 | 游樂比(ULB) · wall_segment Palisade Wall x5 |
| 4:31 | TW_andy.fet · wall_segment Palisade Wall x1 |
| 4:34 | TW_andy.fet · wall_segment Palisade Wall x1 |
| 5:12 | FUFU · first_building Barracks |
| 5:25 | Kou_Bs · wall_segment Palisade Wall x6 |
| 6:47 | TAG_Amaterasu · wall_segment Palisade Wall x17 |
| 7:41 | GdR_Mark_Landers · first_building Barracks |
| 8:26 | TAG_Amaterasu · age_up feudal |
| 8:40 | UKickme-iKiLLU · wall_segment Palisade Wall x1 |
| 8:43 | UKickme-iKiLLU · wall_segment Palisade Wall x1 |
| 8:43 | UKickme-iKiLLU · wall_segment Palisade Wall x1 |
| 8:45 | FUFU · wall_segment Palisade Wall x13 |
| 8:50 | FUFU · age_up feudal |
| 8:51 | GdR_Mark_Landers · age_up feudal |
| 8:53 | GdR_Mark_Landers · first_building Stable |
| 8:55 | TAG_Amaterasu · wall_segment Palisade Wall x1 |
| 9:56 | TW_andy.fet · age_up feudal |
| 9:56 | TAG_Amaterasu · wall_segment Palisade Wall x1 |
| 10:28 | TAG_Amaterasu · wall_segment Palisade Wall x1 |
| 10:41 | Kou_Bs · first_building Barracks |
| 10:58 | 游樂比(ULB) · age_up feudal |
| 11:00 | Emily001 · age_up feudal |
| 11:06 | TAG_Amaterasu · wall_segment Stone Wall x1 |
| 11:12 | TAG_Amaterasu · wall_segment Palisade Wall x1 |
| 11:16 | TAG_Amaterasu · wall_segment Palisade Wall x1 |
| 11:24 | UKickme-iKiLLU · age_up feudal |
| 11:30 | Kou_Bs · age_up feudal |
| 11:45 | Kou_Bs · first_building Stable |
| 12:01 | TAG_Amaterasu · wall_segment Stone Wall x1 |
| 12:42 | TAG_Amaterasu · wall_segment Palisade Wall x1 |
| 12:59 | TW_andy.fet · wall_segment Palisade Wall x1 |
| 13:29 | TW_andy.fet · wall_segment Stone Wall x1 |
| 13:53 | UKickme-iKiLLU · wall_segment Palisade Wall x1 |
| 13:55 | TAG_Amaterasu · wall_segment Palisade Wall x1 |
| 13:56 | TAG_Amaterasu · wall_segment Palisade Wall x1 |
| 14:20 | UKickme-iKiLLU · first_building Barracks |
| 14:33 | 游樂比(ULB) · age_up castle |
| 15:01 | TAG_Amaterasu · wall_segment Stone Wall x9 |
| 15:12 | TAG_Amaterasu · wall_segment Stone Wall x5 |
| 15:19 | UKickme-iKiLLU · first_building Archery Range |
| 15:20 | Emily001 · age_up castle |
| 15:22 | TW_andy.fet · first_market_sell 100 stone |
| 15:30 | Kou_Bs · age_up castle |
| 15:41 | FUFU · first_building Stable |
| 15:51 | Emily001 · first_building Castle |
| 15:57 | Emily001 · wall_segment Palisade Wall x1 |
| 15:59 | Emily001 · wall_segment Palisade Wall x1 |
| 16:00 | UKickme-iKiLLU · age_up castle |
| 16:00 | Emily001 · wall_segment Palisade Wall x1 |
| 16:03 | TAG_Amaterasu · wall_segment Palisade Wall x1 |
| 16:06 | Emily001 · wall_segment Palisade Wall x3 |
| 16:08 | Emily001 · wall_segment Palisade Wall x4 |
| 17:18 | GdR_Mark_Landers · first_building Archery Range |
| 17:36 | 游樂比(ULB) · first_building Monastery |
| 17:43 | TW_andy.fet · first_market_buy 100 food |
| 17:55 | GdR_Mark_Landers · age_up castle |
| 18:10 | UKickme-iKiLLU · wall_segment Palisade Wall x1 |
| 18:11 | UKickme-iKiLLU · wall_segment Palisade Wall x1 |
| 18:14 | TAG_Amaterasu · wall_segment Palisade Wall x1 |
| 18:15 | TAG_Amaterasu · wall_segment Palisade Wall x1 |
| 18:16 | TAG_Amaterasu · wall_segment Palisade Wall x1 |
| 18:16 | TAG_Amaterasu · wall_segment Palisade Wall x1 |
| 18:17 | TAG_Amaterasu · wall_segment Palisade Wall x1 |
| 18:17 | TAG_Amaterasu · wall_segment Palisade Wall x2 |
| 18:18 | TAG_Amaterasu · wall_segment Palisade Wall x1 |
| 18:18 | TAG_Amaterasu · wall_segment Palisade Wall x2 |
| 18:19 | TAG_Amaterasu · wall_segment Palisade Wall x1 |
| 19:29 | TW_andy.fet · wall_segment Stone Wall x4 |
| 19:32 | 游樂比(ULB) · first_market_buy 100 stone |
| 19:48 | GdR_Mark_Landers · resign |
| 20:24 | TW_andy.fet · age_up castle |
| 20:40 | TW_andy.fet · first_building Siege Workshop |
| 21:10 | 游樂比(ULB) · first_building Barracks |
| 21:11 | FUFU · age_up castle |
| 21:12 | FUFU · first_building Siege Workshop |
| 21:14 | FUFU · first_building Monastery |
| 22:34 | TW_andy.fet · wall_segment Stone Wall x1 |
[ ANÁLISIS IA · 1 CRÉDITO ]
¿Qué pasó realmente en esta partida?
Wolo.gg analiza cada decisión: build order, eco, micro, errores típicos por bracket. Análisis personalizado por WhatsApp o Discord en 30 segundos.
Guía civ
Japoneses
Perfil
Jugador #2387172